 Dungeon Crawl Stone Soup version 0.28.0 (webtiles) character file.

Game seed: 16165957627923830419

2846 GrayStillPlays the Skirmisher (level 9, -2/79 HPs)
             Began as a Green Draconian Fighter on Feb 9, 2022.
             Was an Initiate of Gozag.
             Slain by a vampire mosquito (8 damage)
             ... on level 8 of the Dungeon.
             The game lasted 00:18:19 (10172 turns).

GrayStillPlays the Skirmisher (DrFi)               Turns: 10172, Time: 00:18:19

Health: -2/79      AC: -1    Str: 14    XL:     9   Next: 46%
Magic:  7/7        EV: 15    Int: 21    God:    Gozag
Gold:   189        SH:  6    Dex: 19    Spells: 18/18 levels left

rFire   . . .      SeeInvis .   p - +9 hand axe "Humeonk" {venom, MP-9 Str-5 Int+8 Dex+9, axe}
rCold   . . .      Faith    .   b - +0 buckler
rNeg    . . .      Spirit   .   (armour unavailable)
rPois   +          Reflect  .   (helmet restricted)
rElec   .          Harm     .   (no cloak)
rCorr   .          Rampage  .   (no gloves)
Will    .....                   (no boots)
Stlth   ++........              (no amulet)
HPRegen 0.23/turn               (no ring)
MPRegen 0.10/turn               (no ring)

@: short of breath, corroded
A: breathe noxious fumes, AC +7, unfitting armour, poison resistance,
cold-blooded
a: Breathe Noxious Fumes, Renounce Religion, Potion Petition, Call Merchant,
Bribe Branch


You were on level 8 of the Dungeon.
You worshipped Gozag.
Gozag was aware of your devotion.
You visited 2 branches of the dungeon, and saw 9 of its levels.

You collected 627 gold pieces.
You paid 438 gold pieces to Gozag.


Innate Abilities, Weirdness & Mutations

You can breathe blasts of noxious fumes.
Your lurid green scales are hard. (AC +7)
You cannot fit into any form of body armour.
Your system is resistant to poisons. (rPois)
You are cold-blooded and may be slowed by cold attacks.


   Skills:
 + Level 7.1 Fighting
 - Level 5.6 Axes
 + Level 5.9 Dodging
 - Level 4.0 Shields
 + Level 5.2 Spellcasting
 + Level 2.0 Necromancy
 + Level 5.2 Evocations


You had 18 spell levels left.
You didn't know any spells.
Your spell library contained the following spells:

 Spells                   Type           Power      Damage    Failure   Level
 Animate Skeleton         Necr           28%        N/A       6%          1
 Apportation              Tloc           10%        N/A       14%         1
 Magic Dart               Conj           20%        1d4       14%         1
 Summon Small Mammal      Summ           20%        N/A       14%         1
 Searing Ray              Conj           10%        2d4       21%         2
 Call Canine Familiar     Summ           5%         N/A       38%         3
 Portal Projectile        Hex/Tloc       10%        N/A       38%         3
 Fulminant Prism          Conj/Hex       2%         3d6       80%         4
 Leda's Liquefaction      Hex/Erth       2%         N/A       80%         4
 Iskenderun's Battlesphe  Conj           5%         2d6       98%         5
 Dispersal                Tloc           2%         N/A       100%        6
 Iron Shot                Conj/Erth      2%         9d2       100%        6
 Spellforged Servitor     Conj/Summ      2%         N/A       100%        7
 Disjunction              Tloc           2%         N/A       100%        8

Inventory:

Hand Weapons
 a - a +0 war axe {axe}
 k - a +2 dagger of electrocution {short}
   (You took it off an orc on level 3 of the Dungeon)
 m - a +1 dagger of distortion {!wshort}
   (You took it off Jessica on level 3 of the Dungeon)
 p - the +9 hand axe "Humeonk" (weapon) {venom, MP-9 Str-5 Int+8 Dex+9, axe}
   (You found it on level 4 of the Dungeon)

   It poisons the flesh of those it strikes.
   Str:       It affects your strength (-5).
   Int:       It affects your intelligence (+8).
   Dex:       It affects your dexterity (+9).
   MP:        It affects your magic capacity (-9).
 x - a +0 morningstar of freezing {mace}
   (You took it off Maggie on level 6 of the Dungeon)
 G - the +6 mace "Ticozo" {pain, rF+ Str+2, mace}
   (You found it on level 8 of the Dungeon)

   In the hands of one skilled in necromantic magic, it inflicts extra damage on
   living creatures.
   Str:       It affects your strength (+2).
   rF:        It protects you from fire.
Missiles
 d - 326 stones {throwing}
 i - 131 arrows
 r - 57 bolts
 y - 6 boomerangs {throwing}
 z - 46 sling bullets
Armour
 b - a +0 buckler (worn)
Magical Staves
 j - a staff of cold {!astaff}
   (You found it on level 2 of the Dungeon)
 l - a staff of fire {!astaff}
   (You found it on level 3 of the Dungeon)
Jewellery
 w - a ring of fire
   (You found it on level 5 of the Dungeon)
Wands
 o - a wand of paralysis (8) (quivered)
   (You found it on level 4 of the Dungeon)
 q - a wand of polymorph (10)
   (You found it on level 4 of the Dungeon)
 v - a wand of flame (36)
   (You found it on level 5 of the Dungeon)
 A - a wand of iceblast (12)
   (You took it off an orc on level 6 of the Dungeon)
Scrolls
 g - 2 scrolls of enchant armour {unknown}
 h - a scroll of immolation {unknown}
 s - a scroll of blinking {unknown}
 t - 6 scrolls of identify {unknown}
 u - a scroll of summoning {unknown}
 B - a scroll of vulnerability {unknown}
 C - a scroll of enchant weapon {unknown}
 D - a scroll of noise {unknown}
 E - a scroll of holy word {unknown}
 F - 2 scrolls of fear {unknown}
Potions
 c - a potion of might
 e - a potion of magic {unknown}
 f - a potion of mutation {unknown}
 n - 5 potions of curing {unknown}

Dungeon Overview and Level Annotations

Branches:
Dungeon (8/15)             Temple (1/1) D:6
   Lair: D:8-11

Altars:
Cheibriados
Elyvilon
Gozag
Hepliaklqana
Kikubaaqudgha
Makhleb
Nemelex Xobeh
Qazlal
Ru
Trog
Uskayaw
Vehumet
Wu Jian
Yredelemnul
Zin
The Shining One

Shops:
D:1 (   D:5 :   D:7 (

Annotations:
D:3 2 runed translucent doors, Almightybob's ghost, amateur DsFi

.. .###### #####
...... ....##
.... ###..## .D.
# ##..## #.# #
##..#### ###.#
##
##....######@Dy#
.##
####....##.y###
..#
####..#y######
#.# ##...##...#
#.#
####.........#
#.#
#....####....#
### ######
##.<.# $ #...#
## #...#


You could see a hornet, an acid dragon (poisoned) and 2 vampire mosquitoes.


Message History

You exhale a blast of noxious fumes.
The blast of choking fumes hits you. 😕 HP[-3]
You take 3 damage, and now have 76/79 hp.
The acid dragon spits acid at you. The splash of acid hits you!!
The acid corrodes you! 😮 HP[-22]
You take 22 damage, and now have 54/79 hp.
MASSIVE DAMAGE!! (PAUSE)
The acid dragon spits acid at you. The splash of acid hits you!!
* * * LOW HITPOINT WARNING * * *
The acid corrodes you! 😨 HP[-22]
You take 22 damage, and now have 32/79 hp.
MASSIVE DAMAGE!! (PAUSE)
You barely miss the acid dragon.
You tail-slap the acid dragon, but do no damage.
The acid dragon misses you.
The acid dragon closely misses you. 😨 HP[+1]
You hit the acid dragon.
You tail-slap the acid dragon, but do no damage.
The acid dragon misses you. x2
You closely miss the acid dragon. The acid dragon bites you.
* * * LOW HITPOINT WARNING * * *
The acid dragon barely misses you. 😨 HP[-1]
You take 1 damage, and now have 32/79 hp.
You hit the acid dragon.
The acid dragon completely misses you. x2
You hit the acid dragon.
A hornet comes into view.
The acid dragon closely misses you. You block the acid dragon's attack.
The hornet moves out of view. 😨 HP[+1]
You hit the acid dragon.
The acid dragon is poisoned.
The acid dragon barely misses you. The acid dragon claws you.
* * * LOW HITPOINT WARNING * * *
😨 HP[-6]
You take 6 damage, and now have 27/79 hp.
You hit the acid dragon but do no damage.
You block the acid dragon's attack. The acid dragon misses you.
You barely miss the acid dragon.
Your tail-slap misses the acid dragon.
The acid dragon spits acid at you. The splash of acid misses you.
You hear an angry buzzing noise. x2
You completely miss the acid dragon. The acid dragon bites you!
* * * LOW HITPOINT WARNING * * *
The acid dragon claws you.
* * * LOW HITPOINT WARNING * * *
😱 HP[-11]
You take 11 damage, and now have 16/79 hp.
You completely miss the acid dragon.
A vampire mosquito comes into view.
The acid dragon spits acid at you. The splash of acid misses you.
You hear an angry buzzing noise. [a] - 290 gold - haste [b] - 777 gold - resistance, might, haste, heal wounds and magic [c] - 368 gold - heal wounds, curing and magic Purchase which effect?
You no longer have enough gold to petition Gozag for potion effects.
You feel much better.
You feel better. Magic courses through your body.
You block the acid dragon's attack. The acid dragon misses you.
The vampire mosquito bites you.
The vampire mosquito draws strength from your injuries! 😮 HP[+29]
You regained 29 hp, and now have 45/79 hp.
You hit the acid dragon.
You tail-slap the acid dragon, but do no damage.
You hit the vampire mosquito but do no damage.
You block the vampire mosquito's attack.
The acid dragon bites you. The acid dragon claws you.
The vampire mosquito bites you!
* * * LOW HITPOINT WARNING * * *
The vampire mosquito draws strength from your injuries!
The acid dragon bites you!
* * * LOW HITPOINT WARNING * * *
The acid dragon closely misses you. 😨 HP[-23]
You take 23 damage, and now have 22/79 hp.
MASSIVE DAMAGE!! (PAUSE)
You hit the acid dragon but do no damage.
You tail-slap the acid dragon, but do no damage.
You hit the vampire mosquito. The vampire mosquito bites you!
* * * LOW HITPOINT WARNING * * *
The vampire mosquito draws strength from your injuries!
A vampire mosquito comes into view.
The vampire mosquito misses you. The acid dragon bites you.
* * * LOW HITPOINT WARNING * * *
The acid dragon closely misses you. 😱 HP[-16]
You take 16 damage, and now have 6/79 hp.
MASSIVE DAMAGE!! (PAUSE)
Okay, then.
Aiming: Paralyse
Press: ? - help, Q - select action, (/) - cycle Shift-Dir - straight line, f - hornet
Aim: a hornet (chance to affect: 53%)
The acid dragon resists with significant effort.
The vampire mosquito barely misses you. The vampire mosquito bites you!
You die...
Your body crumbles into a pile of gold.

Skill      XL: |  1  2  3  4  5  6  7  8  9 |
---------------+----------------------------+-----
Dodging        | 3 4 5 |  5.9
Spellcasting   | 1 2 3 4 5 |  5.2
Fighting       | 4 5 6 7 |  7.1
Axes           | 3 4 5 |  5.6
Evocations     | 1 2 3 4 5 |  5.2
Shields        | 4 |  4.0
Necromancy     | 2 |  2.0

Action                   |  1- 3 |  4- 6 |  7- 9 || total
-------------------------+-------+-------+-------++-------
Melee: War axe           |    93 |   171 |   110 ||   374
       Tailslap          |    13 |    23 |    53 ||    89
       Hand axe          |       |       |   162 ||   162
Invok: Potion Petition   |       |       |     1 ||     1
 Abil: Breathe Noxious F |       |       |    19 ||    19
Evoke: Wand              |       |     1 |     2 ||     3
 Stab: Sleeping          |     1 |     1 |       ||     2
       Paralysed         |       |     7 |       ||     7
       Confused          |       |       |     3 ||     3
       Distracted        |       |       |     1 ||     1
Armor: Skin              |    29 |    68 |    62 ||   159
Dodge: Dodged            |    65 |   138 |   182 ||   385
Block: Buckler           |    26 |    46 |    55 ||   127

Levels and vault maps discovered:
D:1:      noname_arrival_rooms_in_the_neighbourhood, layout_loops_corners,
          serial_shops, nicolae_shop_advertising_works
          [nicolae_subvault_shop_adworks], chequers_serial_rivers_micro_d,
          minmay_liquid_box
D:2:      layout_loops_ring, chequers_ecumenical_altar_twisty
D:3:      layout_basic, ebering_ghost_disaster_area, uniq_jessica
D:4:      layout_basic
D:5:      layout_loops_cross, grunt_qazlal_clouds, serial_shops,
          nicolae_shop_crystal, minivault_19, chequers_serial_rivers_room_a,
          minmay_misc_feat_plants, roderic_serpentine_path, uniq_menkaure
D:6:      layout_cave_pools, kennysheep_little_box,
          minmay_temple_entry_junction, uniq_sigmund, uniq_maggie
D:7:      layout_gridville, nicolae_ru_the_path_less_chosen, serial_shops,
          shop_fountains
D:8:      minmay_chambers_of_fours, layout_rooms
Temple:   cyrus_circular_temple

Notes
Turn   | Place    | Note
-------+----------+-------------------------------------------
     0 | D:1      | GrayStillPlays the Draconian Fighter began the quest for
                  | the Orb.
     0 | D:1      | Reached XP level 1. HP: 19/19 MP: 1/1
     0 | D:1      | magus.rc [v1.9.6]
   296 | D:1      | Reached XP level 2. HP: 26/26 MP: 2/2
   901 | D:1      | Found Kulenuarr's Antique Weapon Shop.
   914 | D:1      | Reached XP level 3. HP: 31/31 MP: 4/4
   961 | D:1      | Reached skill level 3 in Dodging
  1332 | D:2      | Reached skill level 1 in Spellcasting
  1526 | D:2      | Reached XP level 4. HP: 28/40 MP: 5/5
  1532 | D:2      | HP: 10/40 [poisoned by an adder]
  1933 | D:2      | You pick up a book of Conjurations {@e2} and begin
                  | reading...
  1933 | D:2      | You add the spells Magic Dart, Searing Ray and Fulminant
                  | Prism to your library.
  2338 | D:2      | Found a faded altar of an unknown god.
  2640 | D:3      | Reached skill level 4 in Fighting
  2989 | D:3      | HP: 8/40 [kobold (4)]
  2997 | D:3      | HP: 6/40 [kobold (1)]
  3000 | D:3      | Reached XP level 5. HP: 8/46 MP: 7/7
  3264 | D:3      | Found a large runed translucent door.
  3265 | D:3      | Found a large runed translucent door.
  3598 | D:3      | Reached skill level 3 in Axes
  3703 | D:3      | Noticed Almightybob's ghost (amateur DsFi)
  3731 | D:3      | Noticed Jessica
  3736 | D:3      | Killed Jessica
  3737 | D:3      | Reached skill level 1 in Evocations
  4155 | D:4      | Noticed a centaur
  4164 | D:4      | Killed a centaur
  4165 | D:4      | Reached skill level 4 in Shields
  4165 | D:4      | Reached skill level 2 in Spellcasting
  4165 | D:4      | Reached XP level 6. HP: 38/53 MP: 7/9
  4376 | D:4      | You pick up a book of the Warp and begin reading...
  4376 | D:4      | You add the spells Dispersal and Disjunction to your
                  | library.
  4386 | D:4      | Identified the +9 hand axe "Humeonk" {venom, MP-9 Str-5
                  | Int+8 Dex+9}
  5165 | D:5      | Entered Level 5 of the Dungeon
  5165 | D:5      | Noticed Menkaure
  5174 | D:5      | Noticed a water moccasin
  5176 | D:5      | Killed Menkaure
  5177 | D:5      | Reached skill level 2 in Evocations
  5177 | D:5      | Your scales start taking on a lurid green colour.
  5177 | D:5      | Reached XP level 7. HP: 18/60 MP: 9/11
  5177 | D:5      | Gained mutation: Your system is resistant to poisons.
                  | (rPois) [Green Draconian growth]
  5180 | D:5      | HP: 9/60 [iguana (10)]
  5541 | D:4      | Reached skill level 4 in Dodging
  5778 | D:5      | Reached skill level 3 in Spellcasting
  5783 | D:5      | Reached skill level 5 in Fighting
  5783 | D:5      | Reached skill level 4 in Axes
  6011 | D:5      | Found a stormy altar of Qazlal.
  6024 | D:5      | Found Cyh Ozoap's Book Shop.
  6304 | D:5      | Reached skill level 3 in Evocations
  6400 | D:5      | Reached XP level 8. HP: 47/69 MP: 13/13
  6738 | D:5      | HP: 17/69 [ogre (29)]
  7397 | D:6      | Noticed Maggie
  7417 | D:6      | Killed Maggie
  7418 | D:6      | Reached skill level 6 in Fighting
  7418 | D:6      | Reached skill level 5 in Axes
  7418 | D:6      | Reached skill level 5 in Dodging
  7418 | D:6      | Reached skill level 4 in Spellcasting
  7424 | D:6      | Reached skill level 4 in Evocations
  8023 | D:6      | Found a staircase to the Ecumenical Temple.
  8046 | Temple   | Entered the Ecumenical Temple
  8087 | Temple   | Became a worshipper of Gozag Ym Sagoz the Greedy
  8106 | D:6      | You pick up a book of Power and begin reading...
  8106 | D:6      | You add the spells Iskenderun's Battlesphere, Iron Shot and
                  | Spellforged Servitor to your library.
  8130 | D:6      | Reached XP level 9. HP: 71/78 MP: 6/15
  8132 | D:6      | Noticed Sigmund
  8146 | D:6      | Killed Sigmund
  8330 | D:6      | You pick up a book of Cantrips and begin reading...
  8330 | D:6      | You add the spells Animate Skeleton, Summon Small Mammal
                  | and Apportation to your library.
  8709 | D:6      | Found an ancient bone altar of Kikubaaqudgha.
  8987 | D:7      | Reached skill level 1 in Necromancy
  9096 | D:7      | Found Daxeoclay's Antique Weapon Shoppe.
  9145 | D:7      | Found a sacrificial altar of Ru.
  9428 | D:7      | Reached skill level 5 in Spellcasting
  9428 | D:7      | Reached skill level 5 in Evocations
  9556 | D:7      | You pick up a book of the Hunter and begin reading...
  9556 | D:7      | You add the spells Call Canine Familiar, Portal Projectile
                  | and Leda's Liquefaction to your library.
  9838 | D:8      | Reached skill level 7 in Fighting
 10009 | D:8      | Reached skill level 2 in Necromancy
 10139 | D:8      | Identified the +6 mace "Ticozo" {pain, rF+ Str+2}
 10167 | D:8      | HP: 17/79 [acid dragon (11)]
 10171 | D:8      | HP: 6/79 [acid dragon (4)]
 10172 | D:8      | Slain by a vampire mosquito

Vanquished Creatures
  Maggie (D:6)
  Sigmund (D:6)
  Menkaure (D:5)
  A steam dragon (D:8)
  2 water moccasins
  An orc warrior (D:6)
  A black bear (D:5)
  An ice beast (D:6)
  4 ogres
  A centaur (D:4)
  2 scorpions (D:5)
  A water moccasin zombie (D:6)
  2 howler monkeys
  A bullfrog zombie (D:5)
  7 orc priests
  4 hounds
  2 centaur skeletons
  Jessica (D:3)
  A bullfrog skeleton (D:5)
  3 iguanas
  6 orc wizards
  A killer bee zombie (D:7)
  2 hound skeletons (D:4)
  8 adders
  3 gnolls
  2 white imps
  An ufetubus (D:6)
  4 worms
  2 dart slugs (D:4)
  36 orcs
  8 ball pythons
  7 bats
  3 endoplasms
  2 giant cockroaches
  9 goblins
  6 hobgoblins
  4 jackals (D:1)
  8 kobolds
  7 quokkas
  4 frilled lizards
  6 rats
167 creatures vanquished.

Vanquished Creatures (others)
  An ufetubus (D:5)
1 creature vanquished.

Grand Total: 168 creatures vanquished

Table legend:
 A = Non-vault XP
 B = Vault XP
 C = Vault XP percentage of total XP
 D = Non-vault monster count
 E = Vault monster count
 F = Vault count percentage of total count
                 A         B        C        D         E       F
            +---------+---------+-------+---------+---------+-------
      Total |    3257 |     810 |  19.9 |     163 |       4 |   2.4
            +---------+---------+-------+---------+---------+-------
        D:1 |      44 |       0 |   0.0 |      25 |       0 |   0.0
        D:2 |     118 |       0 |   0.0 |      23 |       0 |   0.0
        D:3 |     106 |      37 |  25.9 |      19 |       1 |   5.0
        D:4 |     362 |       0 |   0.0 |      19 |       0 |   0.0
        D:5 |     884 |     172 |  16.3 |      18 |       1 |   5.3
        D:6 |     900 |     601 |  40.0 |      31 |       2 |   6.1
        D:7 |     491 |       0 |   0.0 |      17 |       0 |   0.0
        D:8 |     352 |       0 |   0.0 |      11 |       0 |   0.0
            +---------+---------+-------+---------+---------+-------

Illustrated notes

Table legend:
 A = Kills in this place as a percentage of kills in entire the game.
 B = Kills by you in this place as a percentage of kills by you in the entire game.
 C = Kills by friends in this place as a percentage of kills by friends in the entire game.
 D = Other kills in this place as a percentage of other kills in the entire game.
 E = Experience gained in this place as a percentage of experience gained in the entire game.
 F = Experience gained in this place divided by the number of levels of this place that you have seen.
                   A       B       C       D       E      F
               +-------+-------+-------+-------+-------+----------------------
         Total | 100.0 | 100.0 |   N/A | 100.0 | 100.0 | 451.9
       Dungeon | 100.0 | 100.0 |   N/A | 100.0 | 100.0 | 508.4
               +-------+-------+-------+-------+-------+----------------------

Table legend: (Time is in decaauts)
 A = Elapsed time spent in this place.
 B = Non-inter-level travel time spent in this place.
 C = Inter-level travel time spent in this place.
 D = Time resting spent in this place.
 E = Time spent auto-exploring this place.
 F = Levels seen in this place.
 G = Mean time per level.
                   A        B        C        D        E       F      G
               +--------+--------+--------+--------+--------+-----+--------+
         Total |  10335 |  10105 |    230 |   1598 |   6865 |   9 | 1148.3 |
       Dungeon |  10280 |  10050 |    230 |   1598 |   6865 |   8 | 1285.0 |
        Temple |     54 |     54 |      0 |      0 |      0 |   1 |   54.0 |
               +--------+--------+--------+--------+--------+-----+--------+

Top non-repeatable levels by time:
     D:5: 2031 daAuts
     D:4: 1617 daAuts
     D:3: 1612 daAuts
     D:1: 1335 daAuts
     D:2: 1296 daAuts
     D:6: 1076 daAuts
     D:7: 927 daAuts
     D:8: 383 daAuts
  Temple: 54 daAuts
